 Dungeon Crawl Stone Soup version 0.29-a0-664-gff9cad4a3d (webtiles) character file.

Game seed: 652026643220275161

9941 Mania the Geomancer (level 12, 0/101 HPs)
             Began as a Meteoran Earth Elementalist on June 22, 2022.
             Was an Elder of Cheibriados.
             Slain by an eight-headed hydra (7 damage)
             ... on level 3 of the Lair of Beasts.
             The game lasted 00:20:36 (2329 turns).

Mania the Geomancer (Meteoran Earth Elementalist)   Turns: 2329, Time: 00:20:37

Health: 0/101      AC: 20    Str: 24    XL:     12   Next: 12%
Magic:  1/35       EV: 14    Int: 29    God:    Cheibriados [****..]
Gold:   357        SH:  0    Dex: 32    Spells: 23/29 levels left

rFire   . . .      SeeInvis .   d - +2 dagger (drain)
rCold   . . .      Faith    .   (no shield)
rNeg    . . .      Spirit   .   x - +6 scale mail of the Beginning {Regen+ Dex+3}
rPois   .          Reflect  .   A - +0 helmet
rElec   .          Harm     .   c - +2 cloak
rCorr   +          Rampage  .   i - +1 pair of gloves
Will    +....                   (no boots)
Stlth   +.........              (no amulet)
HPRegen 1.06/turn               m - ring of magical power
MPRegen 0.24/turn               B - ring "Bicul" {Drain rCorr Str+2 Dex+6}

@: glowing, very slow
A: sense surroundings 2, otherworldly, glowing, explore regen
a: Renounce Religion, Bend Time, Temporal Distortion, Slouch


You were on level 3 of the Lair of Beasts.
You worshipped Cheibriados.
Cheibriados was greatly pleased with you.
You visited 3 branches of the dungeon, and saw 12 of its levels.

You collected 357 gold pieces.

Inventory:

Hand Weapons
 d - a +2 dagger of draining (weapon)
Missiles
 e - 10 poisoned darts
 g - 2 throwing nets
 l - 5 curare-tipped darts
 r - 4 atropa-tipped darts
Armour
 a - a +0 robe
 c - a +2 cloak (worn)
 i - a +1 pair of gloves (worn)
 x - the +6 scale mail of the Beginning (worn) {Regen+ Dex+3}
   (You found it on level 3 of the Dungeon)

   Dex:       It affects your dexterity (+3).
   Regen:     It increases your rate of health regeneration.
 A - a +0 helmet (worn)
Magical Staves
 u - a staff of cold
Jewellery
 j - a +6 ring of dexterity
 m - a ring of magical power (left hand)
 B - the ring "Bicul" (right hand) {Drain rCorr Str+2 Dex+6}
   (You found it on level 3 of the Lair of Beasts)

   [ring of dexterity]

   Str:       It affects your strength (+2).
   Dex:       It affects your dexterity (+6).
   rCorr:     It protects you from acid and corrosion.
   Drain:     It drains your maximum health when unequipped.
Wands
 q - a wand of flame (12)
Scrolls
 p - a scroll of enchant weapon
Potions
 b - a potion of attraction {unknown}
 f - 4 potions of curing
 h - 2 potions of might
 k - a potion of flight
 n - a potion of berserk rage {unknown}
 o - a potion of brilliance
 s - 2 potions of mutation
 t - a potion of cancellation
 v - a potion of ambrosia


   Skills:
 + Level 7.8 Fighting
 + Level 6.9 Armour
 + Level 4.4 Dodging
 - Level 1.4 Stealth
 + Level 9.1 Spellcasting
 - Level 8.9 Conjurations
 - Level 1.2 Transmutations
 - Level 11.3 Earth Magic
 + Level 7.4 Invocations


You had 23 spell levels left.
You knew the following spells:

 Your Spells              Type           Power      Damage    Failure   Level
a - Sandblast             Erth           100%       2d20      1%          1
b - Stone Arrow           Conj/Erth      100%       3d13      1%          3
c - Passwall              Tmut/Erth      40%        N/A       1%          2

Your spell library contained the following spells:

 Spells                   Type           Power      Damage    Failure   Level
 Static Discharge         Conj/Air       39%        N/A       2%          2
 Petrify                  Tmut/Erth      49%        N/A       7%          4
 Sticky Flame             Conj/Fire      39%        2d6       14%         4
 Dispel Undead            Necr           13%        3d9       65%         4


Dungeon Overview and Level Annotations

Branches:
Dungeon (8/15) Zot: 4214   Temple (1/1) D:4 Zot: 885    Lair (3/6) D:8 Zot: 2039
  Swamp: Lair:2-4    Shoals: Lair:2-4     Snake: Lair:2-4    Spider: Lair:2-4

Altars:
Ashenzari
Cheibriados
Dithmenos
Hepliaklqana
Nemelex Xobeh
Ru
Trog
Yredelemnul

Shops:
D:5 (   D:8 !

Annotations:
Lair:3 Fannar


Innate Abilities, Weirdness & Mutations

You passively map the area around you.
You are easily found by Zot.
You glow in the dark.
You regain HP and MP as you explore.


Message History

The eight-headed hydra bites you.
The eight-headed hydra bites you but does no damage. x5
The eight-headed hydra closely misses you.
The eight-headed hydra bites you but does no damage.
You don't have enough magic to cast this spell.
Casting: Stone Arrow (safe; 1% risk of failure)
Confirm with . or Enter, or press ? or * to list all spells.
Aiming: Sandblast (safe; 1% risk of failure)
Press: ? - help, Shift-Dir - straight line, f/p - eight-headed hydra
Aim: an eight-headed hydra (heavily wounded, 94% to hit)
The blast of sand hits the eight-headed hydra!
The eight-headed hydra is severely wounded.
The eight-headed hydra bites you!
The eight-headed hydra bites you but does no damage. x3
The eight-headed hydra bites you.
The eight-headed hydra bites you but does no damage.
The eight-headed hydra bites you!
The eight-headed hydra bites you but does no damage.
The eight-headed hydra bites you. x2
The eight-headed hydra bites you but does no damage.
The eight-headed hydra bites you.
* * * LOW HITPOINT WARNING * * *
The eight-headed hydra bites you.
* * * LOW HITPOINT WARNING * * *
The eight-headed hydra bites you but does no damage. x3
Casting: Sandblast (safe; 1% risk of failure)
Confirm with . or Enter, or press ? or * to list all spells.
Aiming: Sandblast (safe; 1% risk of failure)
Press: ? - help, Shift-Dir - straight line, f/p - eight-headed hydra
Aim: an eight-headed hydra (heavily wounded, 94% to hit)
The blast of sand hits the eight-headed hydra!!
The eight-headed hydra is almost dead.
The eight-headed hydra bites you.
* * * LOW HITPOINT WARNING * * *
The eight-headed hydra bites you!
* * * LOW HITPOINT WARNING * * *
The eight-headed hydra bites you.
* * * LOW HITPOINT WARNING * * *
The eight-headed hydra bites you!
You die... #* , * ##.......... **, # , * #..........# , ,, , ...... #..........# , , h#Y..? , *........... , #.S..., ##.......... , SY.

.,,
#PP........#,,
, , Y.Y. *
#P.......... *
,,, , ... #D# *
, ... * ##@####
* * ###...#.#
,, * * **
#.###...### ,
#..##...#.## *
* ,,
#.........## ,
#.........P###*
, * *
##.............
*#..
#..........###>
+ #####P.
##..........#,
,


You could see an eight-headed hydra.

Vanquished Creatures
  A hydra (Lair:3)
  Sonja (Lair:3)
  A black mamba (Lair:3)
  4 cane toads
  A komodo dragon (Lair:1)
  A polar bear (Lair:3)
  A hornet (D:8)
  Grinder (D:6)
  7 blink frogs (Lair:1)
  3 wyverns
  7 yaks
  2 basilisks
  A steam dragon (D:7)
  Duvessa (D:6)
  4 water moccasins
  2 orc warriors
  2 black bears
  An ice beast (D:7)
  4 wolves (Lair:3)
  An ogre (D:6)
  A centaur (D:7)
  A phantom (D:6)
  4 bullfrogs
  A necrophage (D:6)
  7 wights
  Dowan (D:6)
  5 killer bees (D:8)
  4 howler monkeys
  2 hounds (D:5)
  Crazy Yiuf (D:6)
  2 jellies
  5 orc priests
  2 iguanas
  2 orc wizards
  2 hell rats (D:7)
  Robin (D:3)
  6 adders
  5 river rats (D:7)
  A shadow imp (D:7)
  A white imp (D:7)
  An ufetubus (D:5)
  2 worms
  27 orcs
  4 ball pythons (D:3)
  2 bats
  4 endoplasms
  2 giant cockroaches
  9 goblins (D:3)
  7 hobgoblins
  2 kobolds
  11 quokkas
  16 rats (D:7)
187 creatures vanquished.

Vanquished Creatures (others)
  6 fungi
  A plant (Lair:3)
7 creatures vanquished.

Grand Total: 194 creatures vanquished

Notes
Turn   | Place    | Note
-------+----------+-------------------------------------------
     0 | D:1      | Mania the Meteoran Earth Elementalist began the quest for
                  | the Orb.
     0 | D:1      | Reached XP level 1. HP: 14/14 MP: 5/5
   108 | D:2      | Reached skill level 4 in Earth Magic
   108 | D:2      | Reached XP level 2. HP: 22/22 MP: 2/6
   119 | D:2      | Reached skill level 1 in Fighting
   119 | D:2      | Reached XP level 3. HP: 23/28 MP: 1/8
   199 | D:3      | Noticed Robin
   204 | D:3      | HP: 1/28 [Robin/+0 dagger (2)]
   220 | D:3      | Killed Robin
   221 | D:3      | Reached XP level 4. HP: 9/35 MP: 8/10
   381 | D:4      | Reached skill level 5 in Earth Magic
   381 | D:4      | Reached XP level 5. HP: 18/41 MP: 7/11
   386 | D:4      | Learned a level 3 spell: Stone Arrow
   417 | D:4      | Reached skill level 1 in Conjurations
   419 | D:4      | Reached XP level 6. HP: 7/50 MP: 4/13
   427 | D:5      | Entered Level 5 of the Dungeon
   438 | D:5      | Found Woigg's Firing Range.
   440 | D:5      | Noticed a black bear
   449 | D:5      | Killed a black bear
   450 | D:5      | Reached skill level 6 in Earth Magic
   591 | D:5      | Reached XP level 7. HP: 50/57 MP: 1/14
   596 | D:5      | Noticed a water moccasin
   603 | D:5      | Killed a water moccasin
   785 | D:6      | Reached skill level 7 in Earth Magic
   804 | D:6      | Reached skill level 5 in Spellcasting
   804 | D:6      | Reached XP level 8. HP: 66/66 MP: 14/16
   809 | D:6      | Noticed Duvessa
   810 | D:6      | Noticed Dowan
   814 | D:6      | Killed Duvessa
   817 | D:6      | Killed Dowan
   835 | D:6      | Reached skill level 8 in Earth Magic
   947 | D:3      | Identified the +6 scale mail of the Beginning {Regen+
                  | Dex+3}
  1224 | D:4      | Found a staircase to the Ecumenical Temple.
  1230 | Temple   | Entered the Ecumenical Temple
  1235 | Temple   | Became a worshipper of Cheibriados the Contemplative
  1274 | D:4      | Reached skill level 1 in Armour
  1291 | D:6      | Gained mutation: You passively map the area around you.
                  | [Meteoran growth]
  1291 | D:6      | Reached XP level 9. HP: 71/72 MP: 18/18
  1329 | D:6      | Noticed Grinder
  1330 | D:6      | Reached skill level 1 in Invocations
  1333 | D:6      | Killed Grinder
  1334 | D:6      | Reached skill level 5 in Conjurations
  1348 | D:6      | Found a runed translucent door.
  1349 | D:6      | Noticed Crazy Yiuf
  1353 | D:6      | Killed Crazy Yiuf
  1384 | D:6      | Found a hazy altar of Hepliaklqana.
  1468 | D:7      | Reached skill level 5 in Fighting
  1479 | D:7      | Reached * piety under Cheibriados
  1511 | D:7      | Reached skill level 9 in Earth Magic
  1575 | D:7      | Reached ** piety under Cheibriados
  1732 | D:8      | Noticed a hornet
  1736 | D:8      | Killed a hornet
  1737 | D:8      | Reached XP level 10. HP: 55/81 MP: 21/21
  1775 | D:8      | Reached skill level 10 in Earth Magic
  1789 | D:8      | Found Bowk's Distillery.
  1850 | D:8      | Reached *** piety under Cheibriados
  1879 | D:8      | Found a staircase to the Lair.
  1896 | Lair:1   | Entered Level 1 of the Lair of Beasts
  1967 | Lair:1   | Noticed a cane toad
  1973 | Lair:1   | Killed a cane toad
  1978 | Lair:1   | Reached skill level 5 in Invocations
  1978 | Lair:1   | Reached XP level 11. HP: 90/90 MP: 23/23
  2001 | Lair:1   | Learned a level 2 spell: Passwall
  2030 | Lair:1   | Reached skill level 11 in Earth Magic
  2031 | Lair:1   | Reached skill level 5 in Armour
  2179 | Lair:3   | Identified the ring "Bicul" {Drain rCorr Str+2 Dex+6}
  2196 | Lair:3   | Noticed a black mamba
  2205 | Lair:3   | Killed a black mamba
  2219 | Lair:3   | Noticed Fannar
  2231 | Lair:3   | Noticed a six-headed hydra
  2231 | Lair:3   | Noticed a black mamba
  2235 | Lair:3   | Noticed Sonja
  2238 | Lair:3   | Reached **** piety under Cheibriados
  2241 | Lair:3   | Killed Sonja
  2315 | Lair:3   | Noticed an eight-headed hydra
  2317 | Lair:3   | Reached XP level 12. HP: 99/101 MP: 25/26
  2324 | Lair:3   | Killed a six-headed hydra
  2329 | Lair:3   | Slain by an eight-headed hydra

Illustrated notes

Levels and vault maps discovered:
D:1:      dpeg_arrival_arbitrary_b, layout_basic,
          shapermc_ecumenical_altar_notcrosses, hangedman_decor_opposing,
          chequers_mini_garden, st_stairs_9
D:2:      layout_basic
D:3:      layout_basic, gup_sewer_entry_bowl, minmay_randomly_rotated_circles,
          uniq_robin
D:4:      layout_basic, minmay_temple_entry_proselytizer, grunt_ministairs_1
D:5:      layout_loops_cross, nicolae_shop_firing_range
D:6:      layout_loops_ring, kennysheep_mini_moat, minmay_between, uniq_duvessa,
          uniq_grinder, uniq_crazy_yiuf_cottage
D:7:      lemuel_ratsnest, layout_loops_ring
D:8:      layout_basic, lair_entry_dummy, serial_shops, nicolae_diamond_shop,
          uniq_erica
Temple:   compressed_dpeg_triangle_lava_temple
Lair:1:   layout_chaotic_city, grunt_megastairs_2
Lair:2:   layout_layer_cave, infiniplex_staircase_pool
Lair:3:   layout_roguey, serial_bayou_shore_b, uniq_sonja, uniq_fannar

Skill      XL: |  1  2  3  4  5  6  7  8  9 10 11 |
---------------+----------------------------------+-----
Earth Magic    | 4 5 6 7 8 9 10 11 | 11.3
Fighting       | 1 2 3 4 5 6 7 |  7.8
Spellcasting   | 3 4 5 6 7 9 |  9.1
Conjurations   | 1 2 3 4 6 8 |  8.9
Armour         | 1 3 4 6 |  6.9
Invocations    | 3 5 7 |  7.4
Dodging        | 4 |  4.4
Stealth        | |  1.4
Transmutations | |  1.2

Action                   |  1- 3 |  4- 6 |  7- 9 | 10-12 || total
-------------------------+-------+-------+-------+-------++-------
Melee: Dagger            |       |     8 |     9 |     3 ||    20
 Cast: Sandblast         |    25 |    28 |   158 |    51 ||   262
       Stone Arrow       |       |    13 |    23 |    79 ||   115
Evoke: Wand              |       |       |       |     3 ||     3
  Use: Potion            |     2 |       |     1 |     1 ||     4
       Scroll            |       |       |    14 |     7 ||    21
Armor: Robe              |    14 |    16 |     6 |       ||    36
       Scale mail        |       |       |   118 |   122 ||   240
Dodge: Dodged            |    15 |    32 |   112 |   100 ||   259

Table legend: (Time is in decaauts)
 A = Elapsed time spent in this place.
 B = Non-inter-level travel time spent in this place.
 C = Inter-level travel time spent in this place.
 D = Time resting spent in this place.
 E = Time spent auto-exploring this place.
 F = Levels seen in this place.
 G = Mean time per level.
                   A        B        C        D        E       F      G
               +--------+--------+--------+--------+--------+-----+--------+
         Total |   2988 |   2988 |      0 |      0 |      0 |  12 |  249.0 |
       Dungeon |   2317 |   2317 |      0 |      0 |      0 |   8 |  289.6 |
        Temple |     11 |     11 |      0 |      0 |      0 |   1 |   11.0 |
          Lair |    658 |    658 |      0 |      0 |      0 |   3 |  219.3 |
               +--------+--------+--------+--------+--------+-----+--------+

Top non-repeatable levels by time:
     D:3: 491 daAuts
     D:7: 471 daAuts
     D:5: 399 daAuts
     D:8: 289 daAuts
     D:4: 275 daAuts
  Lair:3: 268 daAuts
  Lair:1: 260 daAuts
     D:6: 225 daAuts
  Lair:2: 129 daAuts
     D:1: 107 daAuts
     D:2: 57 daAuts
  Temple: 11 daAuts
